 Dungeon Crawl Stone Soup version 0.27.0-1-g7a089689b8 (webtiles) character file.

Game seed: 3798839582390790288

416 robertstho the Chopper (level 6, -6/56 HPs)
             Began as a Draconian Berserker on Aug 6, 2021.
             Was a Priest of Trog.
             Mangled by Sigmund (9 damage)
             ... on level 4 of the Dungeon.
             The game lasted 00:02:39 (3465 turns).

robertstho the Chopper (Draconian Berserker)        Turns: 3465, Time: 00:02:40

Health: -6/56      AC:  6    Str: 22    XL:     6   Next: 60%
Magic:  15/15      EV: 13    Int: 13    God:    Trog [***...]
Gold:   182        SH:  0    Dex: 10    Spells: 5/5 levels left

rFire    . . .     SeeInvis .   a - +0 hand axe
rCold    . . .     Faith    .   (no shield)
rNeg     . . .     Spirit   .   (armour unavailable)
rPois    .         Reflect  .   (helmet restricted)
rElec    .         Harm     .   (no cloak)
rCorr    .         Rampage  .   (no gloves)
Will     ++...                  (no boots)
Stlth    +.........             (no amulet)
HPRegen  1.18/turn              f - +6 ring of intelligence
MPRegen  0.14/turn              h - ring of magical power

@: strong-willed, on berserk cooldown, regenerating, slowed, very slow
A: AC +6, unfitting armour, cold-blooded
a: Renounce Religion, Berserk, Trog's Hand


You were on level 4 of the Dungeon.
You worshipped Trog.
Trog was most pleased with you.
You visited 1 branch of the dungeon, and saw 4 of its levels.

You collected 182 gold pieces.

Inventory:

Hand Weapons
 a - a +0 hand axe (weapon)
Missiles
 l - a throwing net (quivered)
Jewellery
 f - a +6 ring of intelligence (left hand)
 h - a ring of magical power (right hand)
Wands
 o - a wand of flame (12)
Scrolls
 b - a scroll of identify
 d - 3 scrolls of magic mapping
 e - 2 scrolls of amnesia
 g - 2 scrolls of noise
 i - a scroll of acquirement {unknown}
 k - a scroll of summoning {unknown}
 m - a scroll of silence {unknown}
Potions
 c - a potion of mutation {unknown}
 j - a potion of haste {unknown}


   Skills:
 * Level 5.0 Fighting
 + Level 5.3 Axes
 * Level 4.5 Dodging


You had 5 spell levels left.
You didn't know any spells.
Your spell library was empty.

Dungeon Overview and Level Annotations

Branches:
Dungeon (4/15)
 Temple: D:4-7

Altars:
Cheibriados
Xom

Annotations:
D:4 Sigmund


Innate Abilities, Weirdness & Mutations

Your plain brown scales are hard. (AC +6)
You cannot fit into any form of body armour.
You are cold-blooded and may be slowed by cold attacks.


Message History

You kill the hobgoblin!
Trog accepts your kill.
You feel very sick.
Sigmund the Dreaded comes into view.
He is wielding a +2 scythe of protection.
You feel sick.
Sigmund shouts!
You see here a hobgoblin corpse.
You feel a strong urge to attack something.
You feel sick.
You feel sick.
You feel your anger nearly subside.
You are no longer berserk.
You are exhausted.
You feel yourself slow down.
You feel sick.
You feel very sick.
As you read the scroll labelled RONATUDOMA, it crumbles to dust.
It is a scroll of amnesia.
You feel forgetful for a moment.
You feel sick.
As you read the scroll labelled DIUCZU WUN PEU, it crumbles to dust.
You feel aware of your surroundings.
It was a scroll of magic mapping.
You feel sick.
Sigmund points at you and mumbles some strange words.
The magic dart hits you.
As you read the scroll labelled XUEPHA TEAMPU, it crumbles to dust.
It is a scroll of identify.
g - 2 scrolls of noise You feel sick.
Sigmund closely misses you.
Your skin crawls.
You feel strong-willed.
You feel sick.
You are no longer poisoned.
Sigmund misses you. Sigmund barely misses you.
Sigmund hits you from afar with a +2 scythe of protection!
* * * LOW HITPOINT WARNING * * *
It was a potion of berserk rage.
You're still recovering from your berserk rage.
Sigmund hits you from afar with a +2 scythe of protection!
* * * LOW HITPOINT WARNING * * *
Sigmund smiles chillingly.
Sigmund hits you from afar with a +2 scythe of protection!
You die...

#.....####.##....##.##.#####.#*,*
#.....####.##.#####.##†.>.....,,,
#.....####.##.#####......#....,,,
#...###.##...........###.#,*,#*,,
#..## #.##.##.#####..# *.@.,,**,,
#.## #.##.##.# #....###.#..,**,,
#.# #.#...#.# #@...........#*,*
#.# #..#,#..###...##.#.###..,,,
#.#####.##.##...@........# *.#*,*
#........................#**,,,,*
#######.#####.###......##..,*****
##.###.## ########*##** ##...##
#####


You could see Sigmund.

Vanquished Creatures
  Menkaure (D:4)
  Blork the orc (D:4)
  A scorpion (D:4)
  A centaur skeleton (D:4)
  Terence (D:3)
  An adder (D:2)
  3 gnolls (D:3)
  3 worms
  2 dart slugs
  8 orcs (D:4)
  A bat (D:1)
  7 endoplasms
  A giant cockroach (D:1)
  6 goblins
  6 hobgoblins
  6 jackals (D:2)
  2 quokkas (D:1)
  5 ball pythons
  3 frilled lizards (D:1)
  7 kobolds
  2 rats
68 creatures vanquished.

Notes
Turn   | Place    | Note
-------+----------+-------------------------------------------
     0 | D:1      | robertstho the Draconian Berserker began the quest for the
                  | Orb.
     0 | D:1      | Reached XP level 1. HP: 19/19 MP: 1/1
   246 | D:1      | Reached XP level 2. HP: 26/26 MP: 2/2
   505 | D:1      | Found a faded altar of an unknown god.
   739 | D:1      | Reached XP level 3. HP: 33/33 MP: 3/3
   967 | D:2      | Reached ** piety under Trog
  1784 | D:3      | Found a shimmering altar of Xom.
  1831 | D:3      | Noticed Terence
  1843 | D:3      | Killed Terence
  1844 | D:3      | Reached XP level 4. HP: 40/40 MP: 4/4
  2592 | D:4      | Reached XP level 5. HP: 29/47 MP: 5/5
  2828 | D:4      | Noticed Blork the orc
  2840 | D:4      | Killed Blork the orc
  2904 | D:4      | Found a snail-covered altar of Cheibriados.
  3097 | D:4      | Reached *** piety under Trog
  3103 | D:4      | Noticed Menkaure
  3114 | D:4      | Killed Menkaure
  3115 | D:4      | Reached skill level 5 in Axes
  3115 | D:4      | Reached XP level 6. HP: 14/55 MP: 6/6
  3452 | D:4      | Reached skill level 5 in Fighting
  3453 | D:4      | Noticed Sigmund
  3464 | D:4      | HP: 1/56 [Sigmund (11)]
  3465 | D:4      | Mangled by Sigmund

Illustrated notes

Levels and vault maps discovered:
D:1:      minmay_arrival_four_houses, layout_basic,
          hellmonk_ecumenical_altar_lost_god, kennysheep_boxes
D:2:      cheibrodos_old_hovel, layout_rooms, serial_rivers,
          chequers_serial_rivers_small_3, chequers_serial_rivers_small_a,
          chequers_serial_rivers_small_3, chequers_serial_rivers_micro_c
D:3:      layout_basic, mainiacjoe_overflow_concentric_impassable,
          grunt_decor_junction, hangedman_decor_push, moated_statue,
          uniq_terence
D:4:      layout_loops_ring, slow_altar_1, uniq_blork_the_orc, uniq_menkaure,
          uniq_sigmund

Skill      XL: |  1  2  3  4  5  6 |
---------------+-------------------+-----
Dodging        | 3 4 |  4.5
Fighting       | 4 5 |  5.0
Axes           | 4 5 |  5.3

Action                   |  1- 3 |  4- 6 || total
-------------------------+-------+-------++-------
Melee: Hand axe          |   114 |    75 ||   189
       Tailslap          |    17 |    10 ||    27
Invok: Berserk           |     1 |     4 ||     5
       Trog's Hand       |       |     1 ||     1
  Use: Scroll            |       |     3 ||     3
       Potion            |       |     1 ||     1
 Stab: Sleeping          |     1 |       ||     1
Armor: Skin              |    24 |    14 ||    38
Dodge: Dodged            |    61 |    65 ||   126
